 Dungeon Crawl Stone Soup version 0.26-a0-188-ga22346179c (webtiles) character file.

Game seed: 3044671866560616146

127 Coward the Cutter (level 4, -1/33 HPs)
             Began as a Vampire Gladiator on July 4, 2020.
             Slain by a gnoll
             ... wielding a +0 halberd
              (16 damage)
             ... on level 3 of the Dungeon.
             The game lasted 00:11:51 (575 turns).

Coward the Cutter (Vampire Gladiator)                Turns: 575, Time: 00:11:51

Health: -1/33      AC:  6    Str: 14    XL:     4   Next: 85%
Magic:  4/4        EV: 12    Int: 10    God:
Gold:   49         SH:  0    Dex: 15    Spells: 3/3 levels left

rFire    . . .     SeeInvis +   a - +0 rapier
rCold    . . .     Faith    .   (no shield)
rNeg     . . .     Spirit   .   l - +0 ring mail (curse)
rPois    .         Reflect  .   c - +0 helmet
rElec    .         Harm     .   (no cloak)
rCorr    .                      (no gloves)
MR       .....                  (no boots)
Stlth    +.........             (no amulet)
HPRegen  0.31/turn              (no ring)
MPRegen  0.09/turn              (no ring)

@: regenerating quickly
A: no food, fangs 3, see invisible, unbreathing
a: Exsanguinate


You were on level 3 of the Dungeon.
You were alive.

You visited 1 branch of the dungeon, and saw 3 of its levels.

You collected 49 gold pieces.

Inventory:

Hand Weapons
 a - a +0 rapier (weapon)
 k - a +0 spear
Missiles
 d - 2 throwing nets (quivered)
Armour
 b - a +0 leather armour
 c - a +0 helmet (worn)
 f - a +0 leather armour
 l - a cursed +0 ring mail (worn)
 n - a +0 kite shield
 o - a +0 leather armour
Jewellery
 m - an uncursed ring of ice {unknown}
Scrolls
 p - a scroll of amnesia {unknown}
Potions
 e - a potion of haste
 h - 2 potions of lignification
 i - a potion of ambrosia {unknown}
 j - a potion of might {unknown}
Comestibles
 g - 2 rations


   Skills:
 + Level 2.2 Fighting
 * Level 5.0 Short Blades
 - Level 1.5 Throwing
 + Level 1.0 Armour
 + Level 4.1 Dodging


You had 3 spell levels left.
You didn't know any spells.
Your spell library was empty.

Dungeon Overview and Level Annotations

Branches:
Dungeon (3/15)

Altars:
Hepliaklqana


Innate Abilities, Weirdness & Mutations

You do not eat.
Your natural rate of healing is unusually fast.
You have razor-sharp teeth.
You have supernaturally acute eyesight. (SInv)
You can survive without breathing.


Message History

The gnoll hits you.
The gnoll hits you from afar with a +0 halberd!
Throwing (i - inventory)
d - 3 throwing nets (quivered)
Press: ? - help, Shift-Dir - straight line, f - gnoll
Aim: a gnoll, wearing a +0 leather armour You throw a throwing net.
The throwing net hits the gnoll.
The gnoll is caught in the net!
The gnoll struggles against the net.
The gnoll closely misses you.
Your ring mail prevents you from hitting the gnoll.
The gnoll struggles against the net.
Your ring mail prevents you from hitting the gnoll.
You bite the gnoll.
The gnoll is lightly wounded.
The gnoll struggles against the net.
The gnoll completely misses you.
You strike the helpless gnoll from behind!
You puncture the gnoll!
The gnoll is severely wounded.
The gnoll struggles against the net.
The gnoll hits you from afar with a +0 halberd!
You die...

#############
.............##
.......[......#
..............#
..............#
.............g######
..............)@...#
.............#g....#
.............#.....#
.............#.....#
.............#.....###..
.............#.........#
.............#..)..###..
........................
..............###.#.#.#.#


You could see 2 gnolls.

Vanquished Creatures
  Jessica (D:3)
  Ijyb (D:3)
  Robin (D:3)
  A gnoll (D:3)
  An adder (D:3)
  A worm (D:2)
  A dart slug (D:2)
  A leopard gecko (D:3)
  An orc (D:3)
  8 goblins (D:3)
  5 hobgoblins (D:3)
  7 jackals
  A quokka (D:3)
  3 bats (D:1)
  2 frilled lizards
  A kobold (D:1)
  2 rats
38 creatures vanquished.

Notes
Turn   | Place    | Note
-------+----------+-------------------------------------------
     0 | D:1      | Coward the Vampire Gladiator began the quest for the Orb.
     0 | D:1      | Reached XP level 1. HP: 16/16 MP: 1/1
   196 | D:1      | Reached XP level 2. HP: 18/22 MP: 2/2
   258 | D:2      | Found a hazy altar of Hepliaklqana.
   323 | D:3      | Noticed Robin
   359 | D:3      | HP: 1/22 [goblin/+0 dagger[Robin] (2)]
   371 | D:3      | Reached XP level 3. HP: 27/27 MP: 3/3
   389 | D:3      | Reached skill level 4 in Short Blades
   402 | D:3      | Killed Robin
   428 | D:3      | Reached XP level 4. HP: 21/33 MP: 4/4
   479 | D:3      | Noticed Ijyb
   505 | D:3      | Killed Ijyb
   511 | D:3      | Reached skill level 1 in Armour
   529 | D:3      | Noticed Jessica
   538 | D:3      | Killed Jessica
   538 | D:3      | Reached skill level 5 in Short Blades
   575 | D:3      | Slain by a gnoll

Illustrated notes

Levels and vault maps discovered:
D:1:      sevenhm_arrival_forest_fort_large_2, layout_basic, minmay_vboxes
D:2:      layout_basic, kiku_gazebo_garden_becter,
          nicolae_overflow_crystal_walls, okawaru_ov_weapons_minmay,
          lemuel_statue_altar
D:3:      layout_basic, ashenzari_altar_1, portal_sewer_entry_a, uniq_ijyb,
          uniq_jessica, uniq_robin

Skill      XL: |  1  2  3  4 |
---------------+-------------+-----
Fighting       | 2 |  2.2
Short Blades   | 4 5 |  5.0
Dodging        | 4 |  4.1
Armour         | 1 |  1.0
Throwing       | |  1.5

Action                   |  1- 3 |  4- 6 || total
-------------------------+-------+-------++-------
Melee: Rapier            |   115 |    35 ||   150
       Bite              |     6 |     4 ||    10
Throw: Throwing net      |       |     1 ||     1
  Use: Potion            |     3 |       ||     3
       Scroll            |     1 |       ||     1
 Stab: Held in net/web   |       |     1 ||     1
Armor: Leather armour    |    24 |     1 ||    25
       Skin              |    91 |       ||    91
       Ring mail         |       |     5 ||     5
Dodge: Dodged            |    79 |    18 ||    97

Table legend:
 A = Non-vault XP
 B = Vault XP
 C = Vault XP percentage of total XP
 D = Non-vault monster count
 E = Vault monster count
 F = Vault count percentage of total count
                 A         B        C        D         E       F
            +---------+---------+-------+---------+---------+-------
      Total |      72 |     110 |  60.4 |      24 |      14 |  36.8
            +---------+---------+-------+---------+---------+-------
        D:1 |      13 |       0 |   0.0 |       8 |       0 |   0.0
        D:2 |      11 |       0 |   0.0 |       4 |       0 |   0.0
        D:3 |      48 |     110 |  69.6 |      12 |      14 |  53.8
            +---------+---------+-------+---------+---------+-------
